Map: Old Republic LE

Players

SgtWuddel - Winner!

  • Race: Protoss Protoss
  • League: Gold
  • Spawn Location: 7:00

SCIInewby

  • Race: Zerg Zerg
  • League: Master
  • Spawn Location: 1:00

VOD

Have the link to the VOD?

Description

Time

  • Played on: Feb. 6, 2026, 3:35 p.m.
  • Length: 9:35
Show
View Real Time Build Order
Export as new Build Order

SgtWuddel Protoss - Winner!

Build Orders:  

Get SALT Encoding   

  12  0:00  Probe  
  13  0:12  Probe  
  14  0:24  Probe  
  15  0:32  Pylon  
  15  0:47  Pylon  
  16  0:50  Probe  
  16  1:02  Probe  
  17  1:08  Nexus  
  17  1:14  Probe  
  18  1:23  Gateway  
  18  1:27  Probe  
  18  1:31  Assimilator  
  19  1:39  Probe  
  20  1:41  Assimilator  
  20  1:51  Probe  
  21  2:03  Probe  
  22  2:14  Cybernetics Core  
  22  2:15  Probe  
  22  2:22  Zealot  
  25  2:24  Pylon  
  25  2:26  Gateway  
  25  2:27  Probe  
  26  2:32  Probe  
  27  2:41  Forge  
  27  2:47  Pylon  
  26  3:04  Pylon  
  26  3:07  Pylon  
  26  3:08  Probe x2  
  28  3:18  Photon Cannon  
  28  3:20  Probe  
  28  3:22  Probe  
  30  3:33  Probe  
  31  3:40  Photon Cannon  
  29  4:26  Gateway  
  29  4:27  Gateway  
  29  4:28  Gateway  
  29  4:29  Gateway  
  29  4:30  Pylon  
  29  4:32  Pylon  
  29  4:35  Photon Cannon  
  30  4:38  Probe  
  30  4:39  Probe  
  30  4:41  Warp Gate  
  31  4:48  Probe x2  
  33  4:56  Probe x2  
  33  5:06  Probe  
  35  5:08  Probe  
  35  5:13  Stalker  
  35  5:14  Stalker  
  37  5:18  Sentry x2, Probe  
  37  5:20  Protoss Ground Weapons Level 1  
  37  5:21  Probe  
  47  5:22  Stalker  
  47  5:26  Sentry  
  51  5:42  Twilight Council  
  51  5:45  Assimilator  
  51  5:46  Assimilator  
  51  5:58  Charge  
  51  6:04  Stalker x2  
  51  6:05  Stalker x2, Robotics Facility  
  59  6:11  Zealot  
  61  6:26  Probe x2  
  63  6:38  Probe x2  
  65  6:42  Zealot x2  
  65  6:45  Zealot x3  
  75  6:50  Probe  
  75  6:51  Probe  
  77  7:07  Observer  
  77  7:10  Pylon  
  77  7:11  Pylon  
  77  7:12  Pylon  
  77  7:13  Pylon  
  78  7:15  Pylon  
  78  7:17  Pylon  
  78  7:25  Immortal  
  78  7:27  Robotics Bay  
  78  7:28  Blink  
  82  7:30  Robotics Facility  
  81  7:41  Photon Cannon  
  81  7:44  Pylon  
  81  7:46  Pylon  
  81  7:49  Pylon, Stalker  
  83  7:55  Pylon  
  71  8:32  Stalker x2  
  71  8:33  Stalker x3  
  58  9:07  Stalker x2  
  58  9:08  Stalker x2  
Show
View Real Time Build Order
Export as new Build Order

SCIInewby Zerg 

Build Orders: Pool First 

Get SALT Encoding   

  12  0:00  Drone  
  13  0:09  Drone  
  14  0:15  Extractor  
  14  0:16  Drone  
  15  0:32  Spawning Pool  
  14  0:37  Overlord  
  14  0:46  Extractor, Drone  
  15  1:02  Drone  
  15  1:03  Drone  
  17  1:12  Hatchery  
  17  1:15  Drone  
  17  1:19  Extractor  
  17  1:21  Zergling x2  
  17  1:33  Queen  
  19  1:42  Zergling x4  
  21  1:48  Drone  
  22  2:01  Overlord  
  22  2:13  Overlord  
  22  2:19  Queen  
  24  2:23  Drone  
  24  2:25  Drone  
  24  2:29  Drone  
  27  2:37  Drone, Roach Warren  
  27  3:01  Zergling x12  
  32  3:19  Drone x4  
  35  3:29  Zergling x2  
  35  3:40  Drone x3  
  38  3:45  Extractor  
  38  3:48  Extractor  
  34  3:56  Zergling x4  
  31  4:22  Roach  
  31  4:23  Roach x5  
  43  4:24  Drone  
  43  4:25  Overlord  
  43  4:31  Lair  
  43  4:32  Drone  
  44  4:42  Overlord  
  44  4:43  Overlord x2  
  44  5:00  Extractor, Drone x5  
  44  5:07  Drone x4  
  52  5:24  Drone x3  
  55  5:32  Glial Reconstitution  
  55  5:40  Drone x4, Spire  
  58  5:47  Roach x2  
  62  5:55  Ravager  
  63  6:02  Hatchery  
  62  6:06  Roach  
  62  6:07  Roach  
  62  6:08  Roach  
  62  6:10  Drone  
  69  6:27  Evolution Chamber  
  69  6:28  Evolution Chamber  
  67  6:34  Drone x3  
  67  6:35  Drone  
  71  6:47  Mutalisk x2  
  71  6:49  Overlord x3  
  71  6:50  Overlord  
  75  7:06  Queen, Infestation Pit  
  76  7:11  Zergling x2, Mutalisk x3  
  76  7:14  Mutalisk  
  85  7:18  Mutalisk  
  87  7:23  Mutalisk  
  89  7:33  Drone x2  
  89  7:34  Drone x4  
  89  7:35  Drone  
  92  8:15  Zergling x2  
  92  8:16  Zergling x22  
  92  8:17  Zergling x4  
  101  8:20  Overseer x2  
  101  8:26  Mutalisk x2  
  95  8:27  Zergling x2  
  69  8:55  Mutalisk x4  
  65  8:56  Mutalisk x6  
  65  9:00  Zergling x4  
Tags
 
Matchup
PvZ
Opening
Pool First
Replay Pack
Multiplayer
Spawn Locations
Cross Positions
Add a new tag
Caveats
  • Supply blocks, unpowered buildings, or Contaminate may cause inaccurate times.
  • Supply counts are checked every 10 seconds.